 Dungeon Crawl Stone Soup version 0.22-a0-265-g0d8bc90 (webtiles) character file.

4171 JeffiDaFish the Slicer (level 10, 0/66 HPs)
             Began as a Kobold Berserker on Mar 7, 2018.
             Was a Priest of Trog.
             Slain by an unseen horror (2 damage)
             ... on level 9 of the Dungeon.
             The game lasted 00:16:51 (8172 turns).

JeffiDaFish the Slicer (Kobold Berserker)           Turns: 8172, Time: 00:16:51

Health: 0/66       AC: 16    Str: 17    XL:     10   Next: 53%
Magic:  12/12      EV: 13    Int:  9    God:    Trog [***...]
Gold:   513        SH:  4    Dex: 15    Spells: 9/9 levels left

rFire    + . .     SeeInvis .   b - +1 short sword
rCold    . . .     Gourm    .   x - +0 buckler
rNeg     . . .     Faith    .   v - +0 chain mail
rPois    .         Spirit   .   q - +2 helmet
rElec    .         Reflect  .   g - +1 cloak
rCorr    .         Harm     .   f - +0 pair of gloves
MR       +....                  (no boots)
Stlth    ..........             (no amulet)
HPRegen  0.21/turn              e - ring of protection from magic
MPRegen  0.13/turn              u - ring of protection from fire

@: about to teleport
A: small, carnivore
a: Berserk, Trog's Hand, Renounce Religion


You were on level 9 of the Dungeon.
You worshipped Trog.
Trog was most pleased with you.
You were completely stuffed.

You visited 1 branch of the dungeon, and saw 9 of its levels.
You also visited: Ossuary.

You collected 513 gold pieces.

Inventory:

Hand Weapons
 b - a +1 short sword (weapon)
Armour
 f - a +0 pair of gloves (worn)
 g - a +1 cloak (worn)
 q - a +2 helmet (worn)
 v - a +0 chain mail (worn)
 x - a +0 buckler (worn)
Jewellery
 e - a ring of protection from magic (left hand)
 n - an uncursed ring of flight
 u - a ring of protection from fire (right hand)
Wands
 j - a wand of iceblast (10)
 k - a wand of acid (15)
 p - a wand of scattershot (3)
Scrolls
 a - a scroll of fear
 d - a scroll of enchant weapon
 h - 3 scrolls of teleportation
 i - 4 scrolls of blinking
 l - 3 scrolls of remove curse
 m - 2 scrolls of identify
 s - 2 scrolls of fog
Potions
 o - a potion of flight
 r - 2 potions of brilliance
 t - a potion of magic
Comestibles
 c - 18 rations


   Skills:
 * Level 9.5 Fighting
 * Level 10.2(10.5) Short Blades
   Level 2.4(4.8) Long Blades
 + Level 4.7 Armour
 + Level 8.2 Dodging
 * Level 0.1 Shields
 + Level 3.9 Evocations


You had 9 spell levels left.
You didn't know any spells.

Dungeon Overview and Level Annotations

Branches:
Dungeon (9/15)             Temple (0/1) D:7
   Lair: D:8-11         Orc: D:9-12

Altars:
Dithmenos
Makhleb
Qazlal
Wu Jian
The Shining One


Innate Abilities, Weirdness & Mutations

You are small and have problems with some larger weapons.
You are carnivorous and can eat meat at any time.


Message History

You hit something but do no damage. Something barely misses you.
Something hits you but does no damage.
You hit something. Something hits you but does no damage.
You hit something. Something hits you but does no damage. Something hits you.
* * * LOW HITPOINT WARNING * * *
Something hits you but does no damage.
You hit something. Something hits you but does no damage.
You completely miss something. Something hits you but does no damage.
Your chain mail prevents you from hitting something.
Something hits you but does no damage.
You hit something. Something hits you but does no damage. Something hits you.
* * * LOW HITPOINT WARNING * * *
Okay, then.
As you read the scroll of teleportation, it crumbles to dust.
You feel strangely unstable.
Something hits you but does no damage. x2
You hit something. Something barely misses you.
You hit something. Something hits you but does no damage. Something hits you.
You die...

#........ #........
#..... .
#..########### #...#
#
........@....####...#
#
....##+#+###........#
# . #........# #
#........# #
#........#####
#.............
#.............
#..##########. ....#
#.


There were no monsters in sight!

Vanquished Creatures
  A two-headed ogre (D:8)
  Pikel (D:6)
  Grinder (D:6)
  The ghost of BrocoLee the Shield-Bearer, an amateur OpFi of Ashenzari (D:5)
  A hungry ghost (D:7)
  Menkaure (D:6)
  A water moccasin (D:7)
  2 ice beasts (D:8)
  An orc warrior (D:7)
  A black bear (D:8)
  An eye of draining (D:8)
  A necrophage (D:5)
  3 centaurs
  3 ogres
  2 bullfrogs (D:7)
  A gnoll sergeant (D:8)
  2 scorpions
  A wyvern skeleton (D:9)
  5 crimson imps
  2 human zombies (Ossuary)
  A centaur skeleton (D:2)
  A hound (D:8)
  An orc priest (D:5)
  2 bullfrog skeletons
  2 iguanas
  4 orc wizards
  6 worker ants
  3 big kobold zombies (Ossuary)
  A killer bee zombie (D:8)
  4 mummies (Ossuary)
  5 gnolls (D:8)
  8 adders
  An ooze (D:3)
  A worm (D:2)
  A dart slug (D:2)
  3 leopard geckos
  13 orcs
  A ball python (D:2)
  A giant cockroach (D:6)
  A gnoll zombie (Ossuary)
  6 goblins
  3 hobgoblins
  5 jackals
  6 quokkas
  A ball python zombie (D:5)
  5 bats
  4 frilled lizards
  A goblin zombie (Ossuary)
  A hobgoblin zombie (Ossuary)
  5 kobolds
  2 rats
131 creatures vanquished.

Notes
Turn   | Place    | Note
-------+----------+-------------------------------------------
     0 | D:1      | JeffiDaFish the Kobold Berserker began the quest for the Orb.
     0 | D:1      | Reached XP level 1. HP: 14/14 MP: 1/1
   281 | D:1      | Reached XP level 2. HP: 18/20 MP: 2/2
  1304 | D:2      | Reached skill level 1 in Short Blades
  1304 | D:2      | Reached XP level 3. HP: 24/24 MP: 3/3
  1548 | D:2      | Reached skill level 2 in Short Blades
  1548 | D:2      | Reached XP level 4. HP: 30/30 MP: 4/4
  1942 | D:2      | Reached XP level 5. HP: 21/34 MP: 5/5
  2355 | D:3      | Reached ** piety under Trog
  2389 | D:3      | Reached skill level 3 in Short Blades
  2768 | D:3      | Found a glowing golden altar of the Shining One.
  2769 | D:3      | Found an ornate altar of the Wu Jian Council.
  3059 | D:4      | Reached skill level 5 in Fighting
  3059 | D:4      | Reached XP level 6. HP: 40/40 MP: 6/6
  3273 | D:4      | Reached skill level 4 in Short Blades
  3399 | D:4      | Noticed an ogre
  3409 | D:4      | Killed an ogre
  3409 | D:4      | Reached XP level 7. HP: 18/44 MP: 7/7
  3874 | D:4      | Reached skill level 5 in Short Blades
  4300 | D:5      | Entered Level 5 of the Dungeon
  4369 | D:5      | Noticed BrocoLee's ghost (amateur OpFi)
  4398 | D:5      | Killed BrocoLee's ghost
  4398 | D:5      | Reached skill level 6 in Short Blades
  4398 | D:5      | Reached XP level 8. HP: 51/52 MP: 8/8
  4562 | D:5      | Found a shadowy altar of Dithmenos.
  4566 | D:5      | Found a burning altar of Makhleb.
  4632 | D:5      | HP: 2/52 [poisoned by an orc]
  5365 | D:5      | Reached skill level 5 in Dodging
  5509 | D:6      | Found a sand-covered staircase.
  5513 | D:6      | Reached *** piety under Trog
  5555 | Ossuary  | Entered an ossuary
  5584 | Ossuary  | Reached skill level 7 in Short Blades
  6188 | D:6      | Noticed Menkaure
  6194 | D:6      | Killed Menkaure
  6241 | D:6      | Noticed Grinder
  6263 | D:6      | Killed Grinder
  6263 | D:6      | Reached skill level 8 in Short Blades
  6263 | D:6      | Reached XP level 9. HP: 59/59 MP: 9/9
  6403 | D:6      | Noticed Pikel
  6432 | D:6      | Killed Pikel
  6432 | D:6      | Reached skill level 1 in Evocations
  6776 | D:7      | Reached skill level 9 in Short Blades
  6803 | D:7      | Found a staircase to the Ecumenical Temple.
  6996 | D:7      | HP: 4/90 [orc warrior/hand axe (6)]
  7370 | D:7      | Reached XP level 10. HP: 65/65 MP: 11/11
  7683 | D:8      | Noticed a two-headed ogre
  7705 | D:8      | Killed a two-headed ogre
  7705 | D:8      | Reached skill level 10 in Short Blades
  7971 | D:8      | Found a stormy altar of Qazlal.
  8168 | D:9      | HP: 1/66 [something (5)]
  8172 | D:9      | Slain by an unseen horror

Vault maps used:
D:1:      roderic_crossed_star, minmay_misc_feat_encased,
          minmay_tree_intersection
D:2:      serial_glass, glass_columns_a, glass_columns_b, minmay_strange_pillars
D:3:      nicolae_overflow_hidden_temple
D:4:      first_ration
D:5:      grunt_temple_overflow_open
D:6:      nicolae_ossuary_entry_ruins, uniq_pikel, uniq_grinder, uniq_menkaure
D:7:      lemuel_temple_firewalk_b, grunt_ogre_cave
D:8:      grunt_qazlal_clouds
D:9:      lair_entry_dummy
Ossuary:  ossuary_crypta

Skill      XL: |  1  2  3  4  5  6  7  8  9 10 |
---------------+-------------------------------+-----
Fighting       | 4 5 6 7 8 9 |  9.5
Short Blades   | 1 2 3 4 6 8 9 10 | 10.2
Armour         | 2 3 4 |  4.7
Dodging        | 3 4 5 7 8 |  8.2
Evocations     | 2 3 |  3.9
Long Blades    | |  2.4
Shields        | |  0.1

Action                   |  1- 3 |  4- 6 |  7- 9 | 10-12 || total
-------------------------+-------+-------+-------+-------++-------
Melee: Short sword       |    61 |   139 |   539 |   183 ||   922
       Falchion          |     1 |       |       |       ||     1
Invok: Berserk           |     3 |     6 |    11 |     4 ||    24
       Trog's Hand       |       |       |     3 |     1 ||     4
  Use: Potion            |     6 |       |     5 |       ||    11
       Scroll            |     5 |     2 |     6 |     1 ||    14
  Eat: Chunk             |    12 |    12 |    22 |    12 ||    58
Armor: Scale mail        |    34 |    38 |   123 |       ||   195
       Chain mail        |       |       |     1 |    77 ||    78
Dodge: Dodged            |    50 |    91 |   275 |    82 ||   498
Block: Buckler           |       |       |       |     2 ||     2

Table legend:
 A = Spawn XP
 B = Non-spawn XP
 C = Spawn XP percentage of total XP
 D = Spawn monster count
 E = Non-spawn monster count
 F = Spawn count percentage of total count
 G = Total turns spent on level
                    A         B        C        D         E        F      G
               +---------+---------+-------+---------+---------+-------+---------
         Total |       0 |    5959 |   0.0 |       0 |     131 |   0.0 |  8172
               +---------+---------+-------+---------+---------+-------+---------
           D:1 |       0 |      13 |   0.0 |       0 |       9 |   0.0 |  1258
           D:2 |       0 |     131 |   0.0 |       0 |      20 |   0.0 |   953
           D:3 |       0 |      35 |   0.0 |       0 |      11 |   0.0 |   832
           D:4 |       0 |     502 |   0.0 |       0 |      16 |   0.0 |  1257
           D:5 |       0 |     855 |   0.0 |       0 |      22 |   0.0 |  1161
           D:6 |       0 |    1194 |   0.0 |       0 |       6 |   0.0 |   511
           D:7 |       0 |     986 |   0.0 |       0 |      14 |   0.0 |   939
           D:8 |       0 |    1927 |   0.0 |       0 |      20 |   0.0 |   633
           D:9 |       0 |      74 |   0.0 |       0 |       1 |   0.0 |    63
       Ossuary |       0 |     242 |   0.0 |       0 |      12 |   0.0 |   565
               +---------+---------+-------+---------+---------+-------+---------
